 Dungeon Crawl Stone Soup version 0.29-a0-887-gcbe080d7e0 (webtiles) character file.

Game seed: 16888676615560458898

449 tilp the Grave Robber (level 6, -2/47 HPs)
             Began as a Mummy Necromancer on July 21, 2022.
             Slain by Edmund
             ... wielding a +1 flail of holy wrath
              (6 damage)
             ... on level 4 of the Dungeon.
             The game lasted 00:07:18 (4080 turns).

tilp the Grave Robber (Mummy Necromancer)           Turns: 4080, Time: 00:07:18

Health: -2/47      AC:  4    Str: 11    XL:     6   Next: 74%
Magic:  0/11       EV: 12    Int: 16    God:
Gold:   169        SH:  0    Dex: 13    Spells: 8/12 levels left

rFire   x . .      SeeInvis .   a - +1 dagger (speed)
rCold   + . .      Faith    .   (no shield)
rNeg    + + +      Spirit   .   b - +1 robe
rPois   ∞          Reflect  .   (no helmet)
rElec   .          Harm     .   (no cloak)
rCorr   .          Rampage  .   k - +0 pair of gloves
Will    .....                   (no boots)
Stlth   ++........              (no amulet)
HPRegen 0.15/turn               d - ring of flight
MPRegen 0.12/turn               (no ring)

@: flying
A: cold resistance 1, negative energy resistance 3, torment resistance 2, heat
vulnerability 1, in touch with death 1, no potions
a: no special abilities


You were on level 4 of the Dungeon.
You visited 1 branch of the dungeon, and saw 4 of its levels.

You collected 169 gold pieces.

Inventory:

Hand Weapons
 a - a +1 dagger of speed (weapon)
 h - a +1 dagger of speed
Missiles
 e - 26 stones
 i - 3 javelins (quivered)
 l - 2 throwing nets
Armour
 b - a +1 robe (worn)
 f - a scarf of shadows
 k - a +0 pair of gloves (worn)
 o - a +0 cloak
Jewellery
 d - a ring of flight (left hand)
 g - a ring of ice
Scrolls
 c - 2 scrolls of teleportation {unknown}
 j - 2 scrolls of magic mapping
 m - a scroll of torment {unknown}
 n - a scroll of vulnerability {unknown}


   Skills:
 * Level 3.1 Fighting
 * Level 2.7 Dodging
 - Level 2.0 Stealth
 + Level 3.5 Spellcasting
 * Level 6.4 Necromancy


You had 8 spell levels left.
You knew the following spells:

 Your Spells              Type           Power      Damage    Failure   Level
a - Necrotise             Necr           100%       1d9       1%          1
b - Vampiric Draining     Necr           34%        2d8       3%          3

Your spell library contained the following spells:

 Spells                   Type           Power      Damage    Failure   Level
 Animate Dead             Necr           34%        N/A       13%         4
 Agony                    Necr           34%        N/A       34%         5


Dungeon Overview and Level Annotations

Branches:
Dungeon (4/15)
 Temple: D:4-7

Altars:
Ashenzari
Gozag
Sif Muna
Vehumet
Yredelemnul

Annotations:
D:4 exclusions: hound and necrophage, Edmund


Innate Abilities, Weirdness & Mutations

You are immune to poison.
Your flesh is cold resistant. (rC+)
You are immune to negative energy. (rN+++)
You are immune to unholy pain and torment.
You are vulnerable to heat. (rF-)
You are in touch with the powers of death.
You do not drink.


Message History

You feel a surge of power!
You draw life force from Edmund!
You feel life coursing into your body.
Edmund hits you with a +1 flail of holy wrath.
You convulse.
Unknown command.
Casting: Vampiric Draining (dangerous; 3% risk of failure)
Confirm with . or Enter, or press ? or * to list all spells.
Aiming: Vampiric Draining (dangerous; 3% risk of failure)
Press: ? - help, Shift-Dir - straight line, f/p - Edmund
Aim: Edmund, wielding a +1 flail of holy wrath and wearing a +0 ring mail (moderately wounded)
You feel a surge of power!
You draw life force from Edmund!
You feel life coursing into your body!
Edmund hits you with a +1 flail of holy wrath!
You convulse.
Unknown command.
Casting: Vampiric Draining (dangerous; 3% risk of failure)
Confirm with . or Enter, or press ? or * to list all spells.
You don't have enough magic to cast this spell.
Unknown command.
Unknown command.
Casting: Vampiric Draining (dangerous; 3% risk of failure)
Confirm with . or Enter, or press ? or * to list all spells.
Aiming: Necrotise (safe; 1% risk of failure)
Press: ? - help, Shift-Dir - straight line, f/p - Edmund
Aim: Edmund, wielding a +1 flail of holy wrath and wearing a +0 ring mail (severely wounded, chance to affect: 83%)
You feel a surge of power!
Edmund barely resists.
Edmund hits you with a +1 flail of holy wrath.
* * * LOW HITPOINT WARNING * * *
You convulse!
* * * LOW HITPOINT WARNING * * *
Casting: Necrotise (safe; 1% risk of failure)
Confirm with . or Enter, or press ? or * to list all spells.
Aiming: Necrotise (safe; 1% risk of failure)
Press: ? - help, Shift-Dir - straight line, f/p - Edmund
Aim: Edmund, wielding a +1 flail of holy wrath and wearing a +0 ring mail (severely wounded, chance to affect: 83%)
You feel a surge of power!
Edmund barely resists.
Edmund hits you with a +1 flail of holy wrath.
* * * LOW HITPOINT WARNING * * *
You convulse.
You die...

...........#,,,,,,,,*,,,,,,*
...........#,,,,,).,*,,,,,,*
..##.##.####,****.#***,,,,,*
..##.##.#*##.####.#***,,,,,*
...#....#..@.#....#,,,...,,*
...#....)....#....#,.$....,*
...#....#....#,...+........*
..########...###'###.......*
..##,,,***...##@@.##...!...*
...+,,,,,..................*
...#,,,,,..................*
...#,,,,,..................*
..##,,,,,..................*
)##*,,,,,..................*
..#,,,,,,..................*
..#*,,,**##..##...##.......*
..##,,,****,.##...##.......#


You could see Edmund.

Vanquished Creatures
  Blork the orc (D:4)
  A scorpion (D:3)
  3 orc priests
  7 gnolls
  6 adders
  4 worms
  A dart slug (D:2)
  6 orcs (D:3)
  12 ball pythons
  5 bats
  3 endoplasms
  6 giant cockroaches
  7 goblins
  12 hobgoblins
  3 quokkas
  2 frilled lizards (D:1)
  5 kobolds
  8 rats
92 creatures vanquished.

Vanquished Creatures (collateral kills)
  A gnoll (D:3)
  2 orcs (D:4)
  A ball python (D:1)
  A frilled lizard (D:3)
5 creatures vanquished.

Vanquished Creatures (others)
  28 plants (D:2)
28 creatures vanquished.

Grand Total: 125 creatures vanquished

Notes
Turn   | Place    | Note
-------+----------+-------------------------------------------
     0 | D:1      | tilp the Mummy Necromancer began the quest for the Orb.
     0 | D:1      | Reached XP level 1. HP: 13/13 MP: 4/4
   290 | D:1      | Reached XP level 2. HP: 20/20 MP: 4/6
   456 | D:1      | Reached skill level 1 in Fighting
   691 | D:1      | Gained mutation: You are in touch with the powers of death.
                  | [Mummy growth]
   691 | D:1      | Reached XP level 3. HP: 26/26 MP: 2/7
   695 | D:1      | Learned a level 3 spell: Vampiric Draining
  1041 | D:1      | Found a faded altar of an unknown god.
  1515 | D:2      | Reached XP level 4. HP: 10/33 MP: 3/8
  2417 | D:3      | Reached skill level 5 in Necromancy
  2420 | D:3      | Found an opulent altar of Gozag.
  2726 | D:3      | You are sucked into a shaft and drop 1 floor!
  2744 | D:4      | Noticed a necrophage
  2788 | D:4      | Reached XP level 5. HP: 38/38 MP: 2/9
  2873 | D:4      | Noticed Blork the orc
  2878 | D:4      | Killed Blork the orc
  2879 | D:4      | Reached skill level 6 in Necromancy
  2879 | D:4      | Noticed Edmund
  3167 | D:3      | Reached XP level 6. HP: 46/46 MP: 2/10
  3234 | D:3      | Found a broken altar of Ashenzari.
  3235 | D:3      | Found a basalt altar of Yredelemnul.
  3236 | D:3      | Found a shimmering blue altar of Sif Muna.
  3237 | D:3      | Found a radiant altar of Vehumet.
  4080 | D:4      | Slain by Edmund

Illustrated notes

Levels and vault maps discovered:
D:1:      grunt_arrival_crossed_arrows, layout_rooms,
          shapermc_ecumenical_altar_venn
D:2:      layout_basic, serial_bayou, serial_bayou_pond_c,
          serial_bayou_crossing, serial_bayou_ford_a, serial_bayou_lake_a,
          serial_bayou_shore_b
D:3:      layout_basic, minitemple, mainiacjoe_overflow_paths
D:4:      layout_gridville, uniq_blork_the_orc, uniq_edmund

Skill      XL: |  1  2  3  4  5  6 |
---------------+-------------------+-----
Spellcasting   | 3 |  3.5
Fighting       | 1 2 3 |  3.1
Stealth        | 2 |  2.0
Dodging        | 2 |  2.7
Necromancy     | 5 6 |  6.4

Action                   |  1- 3 |  4- 6 || total
-------------------------+-------+-------++-------
Melee: Dagger            |    54 |    51 ||   105
       Punch             |     1 |       ||     1
Throw: Javelin           |       |     5 ||     5
 Cast: Necrotise         |    60 |    92 ||   152
       Vampiric Draining |     2 |    17 ||    19
  Use: Scroll            |     2 |     2 ||     4
 Stab: Sleeping          |     1 |     1 ||     2
       Distracted        |       |     1 ||     1
Armor: Robe              |     9 |     8 ||    17
Dodge: Dodged            |    29 |    40 ||    69

Table legend: (Time is in decaauts)
 A = Elapsed time spent in this place.
 B = Non-inter-level travel time spent in this place.
 C = Inter-level travel time spent in this place.
 D = Time resting spent in this place.
 E = Time spent auto-exploring this place.
 F = Levels seen in this place.
 G = Mean time per level.
                   A        B        C        D        E       F      G
               +--------+--------+--------+--------+--------+-----+--------+
         Total |   4046 |   3986 |     60 |    263 |   3021 |   4 | 1011.5 |
       Dungeon |   4046 |   3986 |     60 |    263 |   3021 |   4 | 1011.5 |
               +--------+--------+--------+--------+--------+-----+--------+

Top non-repeatable levels by time:
     D:3: 1323 daAuts
     D:1: 1206 daAuts
     D:2: 1170 daAuts
     D:4: 345 daAuts
